 Dungeon Crawl Stone Soup version 0.22-a0-565-gfc6459a524 (webtiles) character file.

75 Hercules1031 the Chopper (level 4, 0/40 HPs)
             Began as a Hill Orc Monk on June 28, 2018.
             Succumbed to a scorpion's poison
             ... on level 3 of the Dungeon.
             The game lasted 00:02:36 (891 turns).

Hercules1031 the Chopper (Hill Orc Monk)             Turns: 891, Time: 00:02:36

Health: 0/40       AC:  8    Str: 14    XL:     4   Next: 31%
Magic:  4/4        EV:  6    Int: 10    God:
Gold:   70         SH:  6    Dex: 13    Spells: 3/3 levels left

rFire    . . .     SeeInvis .   a - +0 hand axe
rCold    . . .     Gourm    .   i - +2 buckler
rNeg     . . .     Faith    .   d - +0 chain mail
rPois    .         Spirit   .   (no helmet)
rElec    .         Reflect  .   (no cloak)
rCorr    .         Harm     .   (no gloves)
MR       .....                  (no boots)
Stlth    ..........             (no amulet)
HPRegen  0.13/turn              (no ring)
MPRegen  0.09/turn              (no ring)

@: lethally poisoned (0 -> -6)
A: no striking features
a: no special abilities


You were on level 3 of the Dungeon.
You were not hungry.

You visited 1 branch of the dungeon, and saw 3 of its levels.

You collected 70 gold pieces.

Inventory:

Hand Weapons
 a - a +0 hand axe (weapon)
Armour
 d - a +0 chain mail (worn)
 i - a +2 buckler (worn)
Scrolls
 b - a scroll of teleportation
Potions
 f - a potion of magic
Comestibles
 c - 3 rations


   Skills:
 + Level 4.2 Fighting
 + Level 4.7 Axes
 + Level 1.7 Armour
 + Level 2.8 Dodging
 - Level 1.5 Stealth
 + Level 1.2 Shields


You had 3 spell levels left.
You didn't know any spells.
Your spell library was empty.

Dungeon Overview and Level Annotations

Branches:
Dungeon (3/15)

Altars:


Message History

* * * LOW HITPOINT WARNING * * *
You hit the scorpion.
The scorpion is severely wounded.
* * * LOW HITPOINT WARNING * * *
You feel sick. The scorpion barely misses you.
Unknown command.
You hit the scorpion.
You kill the scorpion!
Your Shields skill increases to level 1!
You have reached level 4!
* * * LOW HITPOINT WARNING * * *
You feel sick.
There is a lethal amount of poison in your body!
There is a lethal amount of poison in your body!
* * * LOW HITPOINT WARNING * * *
You feel sick.
You see here a scorpion corpse.
* * * LOW HITPOINT WARNING * * *
You feel sick.
You die...

#.#### #.#
.# #[# .#
#.# .# #.#
.# #.# .#
#.# .#
#.######.#
#...†..@.#
##########


There were no monsters in sight!

Vanquished Creatures
  A scorpion (D:3)
  A worm (D:2)
  2 leopard geckos (D:1)
  5 bats
  A giant cockroach (D:1)
  5 goblins
  2 hobgoblins
  A frilled lizard (D:1)
  2 kobolds (D:1)
  2 rats (D:1)
22 creatures vanquished.

Notes
Turn   | Place    | Note
-------+----------+-------------------------------------------
     0 | D:1      | Hercules1031 the Hill Orc Monk began the quest for the Orb.
     0 | D:1      | Reached XP level 1. HP: 19/19 MP: 1/1
   179 | D:1      | Reached XP level 2. HP: 15/27 MP: 2/2
   328 | D:1      | Reached skill level 1 in Armour
   811 | D:2      | Reached XP level 3. HP: 24/33 MP: 3/3
   872 | D:3      | Noticed a scorpion
   887 | D:3      | Killed a scorpion
   887 | D:3      | Reached skill level 1 in Shields
   887 | D:3      | Reached XP level 4. HP: 4/40 MP: 4/4
   888 | D:3      | HP: 2/40 [poisoned by a scorpion]
   891 | D:3      | Succumbed to a scorpion's poison

Vault maps used:
D:1:      lemuel_arrival_muddy, serial_corexii_hall, corexii_hall_statues_x,
          corexii_hall_statues_l, serial_bayou_crossing
D:2:      lightli_temple_of_fire, first_ration, palyth_stone_intersect,
          small_statue_intersection
D:3:      gup_sewer_entry_pipe, ebering_ghost_reflecting_pool, minivault_14,
          xom_teletrap_fun, uniq_terence, uniq_jessica

Skill      XL: |  1  2  3 |
---------------+----------+-----
Armour         | 1 |  1.7
Fighting       | 4 |  4.2
Shields        | 1 |  1.2
Axes           | |  4.7
Dodging        | |  2.8
Stealth        | |  1.5

Action                   |  1- 3 |  4- 6 || total
-------------------------+-------+-------++-------
Melee: Hand axe          |    61 |       ||    61
  Use: Scroll            |     3 |       ||     3
       Potion            |     2 |       ||     2
 Stab: Sleeping          |     1 |       ||     1
Armor: Robe              |    13 |       ||    13
       Chain mail        |    20 |       ||    20
Dodge: Dodged            |    51 |       ||    51
Block: Buckler           |    12 |       ||    12

Table legend:
 A = Spawn XP
 B = Non-spawn XP
 C = Spawn XP percentage of total XP
 D = Spawn monster count
 E = Non-spawn monster count
 F = Spawn count percentage of total count
 G = Total turns spent on level
                    A         B        C        D         E        F      G
               +---------+---------+-------+---------+---------+-------+---------
         Total |       0 |     108 |   0.0 |       0 |      22 |   0.0 |   891
               +---------+---------+-------+---------+---------+-------+---------
           D:1 |       0 |      27 |   0.0 |       0 |      16 |   0.0 |   800
           D:2 |       0 |      11 |   0.0 |       0 |       5 |   0.0 |    46
           D:3 |       0 |      70 |   0.0 |       0 |       1 |   0.0 |    45
               +---------+---------+-------+---------+---------+-------+---------
